 Dungeon Crawl Stone Soup version 0.30.1-11-g7821555f0a (webtiles) character file.

Game seed: 9218287036423090329

399 Valnes the Chopper (level 6, -3/56 HPs)
             Began as a Minotaur Berserker on Oct 31, 2023.
             Was a Believer of Trog.
             Slain by a wyvern zombie (10 damage)
             ... on level 3 of the Dungeon.
             The game lasted 00:22:48 (1896 turns).

Valnes the Chopper (Minotaur Berserker)             Turns: 1896, Time: 00:22:48

Health: -3/56      AC: 10    Str: 24    XL:     6   Next: 54%
Magic:  5/5        EV:  8    Int:  4    God:    Trog [**....]
Gold:   115        SH: 11    Dex:  9    Spells: 5/5 levels left

rFire   x . .        r - +0 mace (protect)
rCold   + + .        g - +0 tower shield
rNeg    . . .        j - +0 ice dragon scales
rPois   .            (helmet restricted)
rElec   .            (no cloak)
rCorr   .            (no gloves)
SInv    .            (no boots)
Will    .....        (no amulet) Stlth
                     (no ring)
HPRegen 0.29/turn    (no ring)
MPRegen 0.09/turn

%: no passive effects
@: on berserk cooldown, slowed, very slow
A: horns 2, retaliatory headbutt
a: Renounce Religion, Berserk, Trog's Hand


You were on level 3 of the Dungeon.
You worshipped Trog.
Trog was pleased with you.
You visited 2 branches of the dungeon, and saw 5 of its levels.

You collected 115 gold pieces.

Inventory:

Hand Weapons
 a - a +0 hand axe
 c - a +0 dagger
 d - a +0 dagger of venom
 k - a +0 sling
 m - a +0 halberd
 n - a +0 broad axe
 p - a +0 flail
 q - a +1 flail of pain
 r - a +0 mace of protection (weapon)
Missiles
 t - 2 poisoned darts
Armour
 b - a +0 animal skin
 g - a +0 tower shield (worn)
 j - +0 ice dragon scales (worn)
 s - a +0 leather armour
Wands
 o - a wand of flame (6)
Scrolls
 f - a scroll of blinking {unknown}
 h - 2 scrolls of teleportation {unknown}
 i - a scroll of torment {unknown}
 u - a scroll of fog {unknown}
Potions
 e - a potion of resistance {unknown}
 l - a potion of brilliance {unknown}


   Skills:
 + Level 5.0 Fighting
 + Level 5.3(5.4) Axes
 + Level 0.5(3.3) Maces & Flails
 - Level 0.8(3.3) Polearms
 * Level 4.4 Armour
 + Level 3.5 Dodging
 * Level 3.2 Shields


You had 5 spell levels left.
You didn't know any spells.
Your spell library contained the following spells:

 Spells                   Type           Power      Damage    Failure   Level
 Kiss of Death            Conj/Necr      0%         2d5       100%        1
 Poisonous Vapours        Pois/Air       0%         N/A       100%        2
 Dazzling Flash           Conj/Hex       0%         N/A       100%        3
 Ignite Poison            Fire/Tmut/Pois 0%         N/A       100%        3
 Agony                    Necr           0%         N/A       100%        5
 Borgnjor's Vile Clutch   Necr/Erth      0%         N/A       100%        5
 Silence                  Hex/Air        0%         N/A       100%        5


Dungeon Overview and Level Annotations

Branches:
Dungeon (4/15)             Temple (1/1) D:4

Altars:
Cheibriados
Gozag
Nemelex Xobeh
Okawaru
Qazlal
Sif Muna
Trog
Uskayaw
Vehumet
Wu Jian
Yredelemnul
The Shining One


Innate Abilities, Weirdness & Mutations

You have a pair of horns on your head.
You reflexively headbutt those who attack you in melee.


Message History

You feel a strong urge to attack something.
Your skin stops crawling.
You feel less strong-willed. You block the wyvern zombie's attack.
You block the howler monkey skeleton's attack.
You are no longer berserk.
You are exhausted.
You feel yourself slow down. The wyvern zombie bites you!
The howler monkey skeleton attacks as you move away!
You block the howler monkey skeleton's attack.
The wyvern zombie bites you.
The wyvern zombie bites you but does no damage.
The wyvern zombie bites you!
* * * LOW HITPOINT WARNING * * *
The howler monkey skeleton barely misses you.
The wyvern zombie bites you.
* * * LOW HITPOINT WARNING * * *
The howler monkey skeleton barely misses you.
You block the wyvern zombie's attack. The wyvern zombie bites you.
* * * LOW HITPOINT WARNING * * *
You block the wyvern zombie's attack.
The howler monkey skeleton closely misses you.
You furiously retaliate!
You headbutt the howler monkey skeleton!
You destroy the howler monkey skeleton!
Trog accepts your kill. You block the wyvern zombie's attack.
Your Fighting skill increases to level 5!
Unknown command.
You block the wyvern zombie's attack. You block the wyvern zombie's attack.
You completely miss the wyvern zombie. Your headbutt misses the wyvern zombie.
The wyvern zombie is severely damaged.
You block the wyvern zombie's attack.
The wyvern zombie bites you but does no damage. x2
The wyvern zombie barely misses you. x2
You block the wyvern zombie's attack. The wyvern zombie closely misses you.
The wyvern zombie attacks as you move away!
The wyvern zombie bites you!
You die...

#....## #.# #..
#..).#####.#####.. #..
##..†............. ...
#)#######.#####.. ##.
#.........># #.
#..........# #.
#..........# ### # ##.
#..........####.#.#.##
#.....@....#..#.....#
#.....Z.......'....##
#..>..........'...[.#
#..........#..'...?##
##.........#..#.....#
##############.#.#.#
### # #


You could see a wyvern zombie.

Vanquished Creatures
  The ghost of SacredBeard the Vexing, an amateur DEHs (D:3)
  2 bullfrog skeletons (D:3)
  An orc priest (D:3)
  An iguana (D:4)
  3 orc wizards
  A sleepcap (D:4)
  A howler monkey skeleton (D:3)
  3 adders (D:4)
  3 dart slugs
  13 orcs
  6 ball pythons
  3 bats
  2 endoplasms
  7 giant cockroaches
  8 goblins
  4 hobgoblins
  5 jackals (D:1)
  2 frilled lizards (D:3)
  2 rats (D:1)
68 creatures vanquished.

Notes
Turn   | Place    | Note
-------+----------+-------------------------------------------
     0 | D:1      | Valnes the Minotaur Berserker began the quest for the Orb.
     0 | D:1      | Reached XP level 1. HP: 19/19 MP: 0/0
    74 | D:1      | Reached XP level 2. HP: 14/27 MP: 1/1
   387 | D:1      | Reached ** piety under Trog
   388 | D:1      | Reached XP level 3. HP: 31/33 MP: 2/2
   476 | D:1      | You fall into a shaft and drop 1 floor!
   600 | D:2      | You fall into a shaft and drop 2 floors!
   717 | D:4      | Found a staircase to the Ecumenical Temple.
   741 | Temple   | Entered the Ecumenical Temple
  1045 | D:4      | Found an ornate altar of the Wu Jian Council.
  1124 | D:4      | Reached XP level 4. HP: 24/41 MP: 3/3
  1336 | D:4      | Reached skill level 1 in Shields
  1400 | D:4      | Reached XP level 5. HP: 37/47 MP: 4/4
  1654 | D:3      | Found a radiant altar of Vehumet.
  1769 | D:3      | Reached skill level 5 in Axes
  1834 | D:3      | Found a runed translucent gate.
  1835 | D:3      | Found a runed translucent gate.
  1836 | D:3      | Found a runed translucent gate.
  1840 | D:3      | Got Sif Muna's Handbook of Creeping Toxicants
  1856 | D:3      | Noticed SacredBeard's ghost (amateur DEHs)
  1870 | D:3      | Killed SacredBeard's ghost
  1871 | D:3      | Reached XP level 6. HP: 43/55 MP: 5/5
  1890 | D:3      | Reached skill level 5 in Fighting
  1896 | D:3      | Slain by a wyvern zombie

Illustrated notes

Levels and vault maps discovered:
D:1:      lemuel_arrival_tunnels, layout_basic, minmay_misc_feat_five
D:2:      layout_rooms, ebering_ecumenical_altar_mist
D:3:      minmay_octagon_keep, layout_basic, fiery_altar_vehumet,
          gammafunk_ghost_necromancy
D:4:      layout_layer_cave, lemuel_crystal_altar,
          minmay_temple_entry_glassed_door, gup_sewer_entry_pipe
Temple:   hellmonk_temple_flake

Skill      XL: |  1  2  3  4  5  6 |
---------------+-------------------+-----
Axes           | 4 5 |  5.3
Fighting       | 4 5 |  5.0
Dodging        | 3 |  3.5
Armour         | 3 4 |  4.4
Shields        | 1 2 3 |  3.2
Maces & Flails | |  0.5
Polearms       | |  0.8

Action                     |  1- 3 |  4- 6 || total
---------------------------+-------+-------++-------
  Melee: Hand axe          |    52 |       ||    52
         Headbutt          |    12 |    11 ||    23
         Halberd           |    14 |     4 ||    18
         Broad axe         |       |    86 ||    86
         Mace              |       |    18 ||    18
 Invoke: Trog's Hand       |     1 |     3 ||     4
         Berserk           |       |     2 ||     2
  Evoke: Wand              |       |     1 ||     1
    Use: Scroll            |     1 |       ||     1
 Armour: Animal skin       |    12 |       ||    12
         Ice dragon scales |    14 |   110 ||   124
  Dodge: Dodged            |    55 |    56 ||   111
  Block: Tower shield      |    17 |   100 ||   117
